 Dungeon Crawl Stone Soup version 0.25-a0-294-gea9b1ad378 (webtiles) character file.

Game seed: 4220067631911189737, levelgen mode: classic

252236 Borgoz the Warrior (level 19, -5/179 HPs)
             Began as a Minotaur Monk on Dec 17, 2019.
             Was the Champion of Dithmenos.
             Killed from afar by a shock serpent (18 damage)
             ... with a bolt of electricity
             ... on level 4 of the Snake Pit.
             The game lasted 01:16:46 (29928 turns).

Borgoz the Warrior (Minotaur Monk)                 Turns: 29928, Time: 01:16:48

Health: -5/179     AC: 25    Str: 25    XL:     19   Next: 34%
Magic:  0/25       EV: 25    Int:  7    God:    Dithmenos [******]
Gold:   2163       SH:  0    Dex: 18    Spells: 27/28 levels left

rFire    + . .     SeeInvis .   a - +7 pair of quick blades "Gyre" and "Gimble" {protect}
rCold    + . .     Gourm    .   (shield currently unavailable)
rNeg     . . .     Faith    .   S - +4 troll leather armour {Snorg}
rPois    +         Spirit   +   m - +2 hat
rElec    .         Reflect  .   q - scarf {rC+ rF+}
rCorr    .         Harm     .   I - +2 pair of gloves
MR       +....                  u - +0 pair of boots "Coodghusk" {Str+6}
Stlth    +++++.....             P - amulet of guardian spirit
HPRegen  0.79/turn              t - ring of poison resistance
MPRegen  0.19/turn              e - +3 ring of slaying

@: protection aura, slowed, wreathed by umbra, very slow
A: retaliatory headbutt, horns 2
}: 1/15 runes: decaying
a: Shadow Step, Shadow Form, Renounce Religion


You were on level 4 of the Snake Pit.
You worshipped Dithmenos.
Dithmenos was exalted by your worship.
You were not hungry.

You visited 6 branches of the dungeon, and saw 32 of its levels.

You collected 3057 gold pieces.
You spent 894 gold pieces at shops.

Inventory:

Hand Weapons
 a - the +7 pair of quick blades "Gyre" and "Gimble" (weapon) {protect}
   (You found it on level 6 of the Dungeon)

   It grants its wielder temporary protection when it strikes (+7 to AC).
Missiles
 Q - a throwing net (quivered)
Armour
 m - a +2 hat (worn)
 q - a scarf of resistance (worn)
 u - the +0 pair of boots "Coodghusk" (worn) {Str+6}
   (You found it on level 5 of the Dungeon)

   It affects your strength (+6).
 I - a +2 pair of gloves (worn)
 S - a +4 troll leather armour (worn) {Snorg}
Jewellery
 e - a +3 ring of slaying (right hand)
 g - the ring "Eparruot" {*Slow +Fly rElec rF+}
   (You acquired it on level 3 of the Snake Pit)

   [ring of flight]

   It protects you from fire.
   It insulates you from electricity.
   It lets you fly.
   It may slow you when you take damage.
 l - an uncursed ring of protection from fire
 o - an uncursed ring of protection from fire
 t - a ring of poison resistance (left hand)
 B - an uncursed ring of ice
 P - an amulet of guardian spirit (around neck)
 T - an uncursed ring of see invisible
Wands
 k - a wand of disintegration (16)
 s - a wand of clouds (9)
 v - a wand of iceblast (25)
 y - a wand of acid (10)
 G - a wand of digging (10)
 R - a wand of paralysis (17)
Scrolls
 b - a scroll of enchant armour
 f - 4 scrolls of magic mapping
 h - 2 scrolls of blinking
 i - 4 scrolls of remove curse
 n - 8 scrolls of teleportation
 x - a scroll of fog
 D - 4 scrolls of identify
 F - 12 scrolls of fear
 X - a scroll of summoning
Potions
 d - 2 potions of cancellation
 j - 7 potions of flight
 p - 2 potions of ambrosia
 r - 3 potions of heal wounds
 w - a potion of resistance
 z - 10 potions of curing
 A - a potion of mutation
 C - a potion of brilliance
 E - 3 potions of might
 H - a potion of berserk rage
 J - 3 potions of agility
 Y - 3 potions of haste
Comestibles
 c - 38 rations
 K - 4 chunks of flesh


   Skills:
 + Level 18.0 Fighting
 * Level 17.6(17.9) Short Blades
   Level 6.0(14.0) Long Blades
 + Level 17.7 Armour
 + Level 16.7 Dodging
 - Level 5.0 Stealth
   Level 4.0 Shields
 - Level 5.0 Spellcasting
 - Level 5.0 Hexes
 - Level 5.0 Invocations
 - Level 5.0 Evocations


You had 27 spell levels left.
You knew the following spells:

 Your Spells              Type           Power        Failure   Level  Hunger
a - Confusing Touch       Hex            #.....       3%          1    #......

Your spell library contained the following spells:

 Spells                   Type           Power        Failure   Level  Hunger
 Corona                   Hex            #......      3%          1    #......
 Slow                     Hex            #.......     6%          2    ###....
 Animate Skeleton         Necr           N/A          30%         1    #......
 Apportation              Tloc           #.....       30%         1    #......
 Foxfire                  Conj/Fire      #...         30%         1    #......
 Infusion                 Chrm           #...         30%         1    #......
 Sandblast                Erth           #.....       30%         1    #......
 Sting                    Tmut/Pois      #...         30%         1    #......
 Summon Small Mammal      Summ           #...         30%         1    #......
 Inner Flame              Hex/Fire       #.......     32%         3    ###....
 Portal Projectile        Hex/Tloc       #.....       32%         3    ###....
 Summon Guardian Golem    Hex/Summ       #.......     32%         3    ###....
 Cause Fear               Hex            #.........   36%         4    #####..
 Call Imp                 Summ           #.......     41%         2    ###....
 Passwall                 Tmut/Erth      #.......     41%         2    ###....
 Poisonous Vapours        Pois/Air       #.....       41%         2    ###....
 Call Canine Familiar     Summ           #.......     65%         3    ###....
 Conjure Flame            Conj/Fire      #.......     65%         3    ###....
 Ignite Poison            Fire/Tmut/Pois #.......     65%         3    ###....
 Mephitic Cloud           Conj/Pois/Air  #.......     65%         3    ###....
 Recall                   Summ/Tloc      N/A          65%         3    ###....
 Stone Arrow              Conj/Erth      #.....       65%         3    ###....
 Leda's Liquefaction      Hex/Erth       #.........   71%         4    #####..
 Olgreb's Toxic Radiance  Pois           #.......     96%         4    #####..
 Petrify                  Tmut/Erth      #.......     96%         4    #####..
 Sticky Flame             Conj/Fire      #.......     96%         4    #####..
 Summon Ice Beast         Ice/Summ       #.......     96%         4    #####..
 Summon Lightning Spire   Summ/Air       #.......     96%         4    #####..
 Summon Mana Viper        Hex/Summ       #.......     96%         5    ######.
 Aura of Abjuration       Summ           #.........   100%        5    ######.
 Fireball                 Conj/Fire      #.........   100%        5    ######.
 Lee's Rapid Deconstruct  Erth           #.........   100%        5    ######.
 Summon Demon             Summ           #.........   100%        5    ######.
 Summon Forest            Summ/Tloc      #.........   100%        5    ######.
 Shadow Creatures         Summ           N/A          100%        6    #######
 Dragon Form              Tmut           #.........   100%        7    #######
 Spellforged Servitor     Conj/Summ      #.........   100%        7    #######
 Dragon's Call            Summ           #.........   100%        9    #######


Dungeon Overview and Level Annotations

Branches:
Dungeon (15/15)            Temple (1/1) D:4            Lair (6/6) D:9
  Swamp (4/4) Lair:4        Snake (4/4) Lair:3        Slime (0/5) Lair:5
    Orc (2/2) D:9             Elf (0/3) Orc:2        Vaults (0/5) D:13
 Depths (0/5) D:15

Altars:
Cheibriados
Dithmenos
Elyvilon
Fedhas
Gozag
Kikubaaqudgha
Makhleb
Nemelex Xobeh
Okawaru
Qazlal
Ru
Sif Muna
Trog
Uskayaw
Wu Jian
Xom
Yredelemnul
Zin
Beogh

Shops:
D:9 [   D:10 *   Orc:1 *   Orc:2 *%?*!   Snake:2 *

Annotations:
Snake:2 2 transporters


Innate Abilities, Weirdness & Mutations

You reflexively headbutt those who attack you in melee.
You have a pair of horns on your head.


Message History

You are too injured to fight recklessly!
Unknown command.
You impale the shock serpent!! Your headbutt misses the shock serpent.
You impale the shock serpent!!
The shock serpent's electric aura discharges violently, shocking you!
* * * LOW HITPOINT WARNING * * *
Your shadow hits the shock serpent but does no damage.
The shock serpent bites you!
* * * LOW HITPOINT WARNING * * *
The shock serpent shocks you!
* * * LOW HITPOINT WARNING * * *
The shock serpent shoots out a bolt of lightning at you!
The bolt of electricity hits you!
* * * LOW HITPOINT WARNING * * *
The bolt of electricity hits you!
* * * LOW HITPOINT WARNING * * *
The shock serpent bites you but does no damage.
The shock serpent shoots out a bolt of lightning at you!
The bolt of electricity hits you!!
You die...

............##.
............#.#
.............#
..........."#
N##......§§§§§##
......#....§§§§S§.#
......###.§§S@§§#
......#####§#§§
.......#§§##...
.......§## #....
#..##....# .....#
#.###...# .....#
#####.#...######.....
.#........##...###..#
#.......###.......##


You could see 2 shock serpents.

Vanquished Creatures
  Mara (Swamp:4)
  Bai Suzhen (Swamp:4)
  Nikola (Swamp:4)
  Jorgrun (Swamp:1)
  Rupert (Lair:3)
  The ghost of Voilify the Executioner, an adept MiBe of Trog (Snake:3)
  The ghost of vishdafish the Fencer, an adept NaBe of Trog (Snake:2)
  Kirke (Lair:6)
  5 thorn hunters
  2 nagarajas
  A storm dragon (D:15)
  3 orc warlords
  A stone giant (D:15)
  The ghost of Vogy the Severer, a journeyman DDFi of Makhleb (Swamp:2)
  Azrael (Snake:1)
  An ettin (D:15)
  Snorg (D:11)
  Josephine (D:14)
  A yaktaur captain (D:15)
  An ogre mage (D:12)
  10 naga warriors
  6 centaur warriors
  A great orb of eyes (D:14)
  A ghost crab (Swamp:3)
  The ghost of twoshot the Thaumaturge, a journeyman GnWz of Ashenzari (Lair:3)
  20 hydras
  8 anacondas
  A catoblepas (Lair:1)
  2 death knights
  3 shambling mangroves
  15 alligators
  A dancing weapon (Lair:3)
  The ghost of MisterFreud the Nimble, a journeyman FeWn of Uskayaw (Orc:1)
  10 two-headed ogres
  4 orc high priests
  2 naga sharpshooters
  3 shock serpents
  2 skeletal warriors
  A salamander mystic (Snake:3)
  4 unseen horrors
  3 spriggan druids
  A swamp dragon (shapeshifter) (D:12)
  16 swamp dragons
  A sea snake (Snake:2)
  7 naga ritualists
  A wizard (D:15)
  2 orb spiders (shapeshifter) (D:15)
  3 deep elf magi
  15 mana vipers
  11 orc knights
  2 necromancers (D:13)
  6 orc sorcerers
  4 oklob plants (Lair:6)
  A mana viper (shapeshifter) (D:15)
  18 ugly things
  A manticore (D:11)
  3 cyclopes
  6 salamanders
  6 elephants (Lair:4)
  36 black mambas
  4 guardian serpents
  A torpor snail (Lair:6)
  14 naga magi
  35 spiny frogs
  A rime drake (shapeshifter) (D:15)
  A rime drake (Lair:5)
  9 komodo dragons
  3 freezing wraiths (D:15)
  9 trolls
  2 polar bears
  31 blink frogs
  13 tyrant leeches
  9 hornets
  13 slime creatures
  10 dream sheep
  7 hippogriffs
  12 bog bodies
  4 spriggans
  3 shadows
  A spriggan (shapeshifter) (D:15)
  6 wraiths
  44 yaks
  4 fire elementals (Snake:1)
  6 hogs
  A hog (shapeshifter) (D:15)
  A vampire (D:11)
  2 wyverns
  2 humans
  5 basilisks
  A hungry ghost (D:10)
  33 vampire mosquitoes
  2 wargs
  5 insubstantial wisps (Swamp:1)
  26 nagas
  3 hell hounds (Snake:1)
  An acid dragon (D:12)
  19 water moccasins
  15 swamp worms
  40 orc warriors
  7 porcupines
  12 swamp drakes
  7 sky beasts
  7 ice beasts
  3 boggarts (D:15)
  A phantom (D:9)
  2 black bears
  An eye of draining (D:11)
  5 necrophages
  11 ogres
  14 centaurs
  10 wolves
  15 crocodiles
  5 big kobolds
  28 bullfrogs
  A gnoll sergeant (D:11)
  A wyvern zombie (D:14)
  3 scorpions
  A killer bee (D:9)
  13 wights
  10 howler monkeys
  3 electric eels
  11 crimson imps
  2 centaur zombies
  10 hounds
  4 jellies
  A bullfrog skeleton (D:11)
  25 orc priests
  8 centaur skeletons
  27 orc wizards
  Crazy Yiuf (D:2)
  Jessica (D:2)
  8 iguanas
  11 worker ants
  A killer bee zombie (D:9)
  A hound zombie (D:5)
  2 worker ant zombies
  A howler monkey skeleton (D:10)
  6 gnolls
  12 adders
  3 shadow imps
  3 oozes
  An adder skeleton (D:9)
  2 worms
  3 dart slugs
  4 leopard geckos
  73 orcs
  8 giant cockroaches
  2 goblins (D:1)
  2 hobgoblins (D:3)
  4 jackals
  5 quokkas
  A ball python (D:2)
  3 bats
  2 frilled lizards
  A giant cockroach zombie (D:5)
  A goblin skeleton (D:5)
  A jackal skeleton (D:7)
  A jackal zombie (D:5)
  26 kobolds
  A leopard gecko skeleton (D:7)
  A leopard gecko zombie (D:8)
  A quokka skeleton (D:4)
  4 rats
  5 briar patches (Swamp:4)
  2 fungi (Lair:6)
  A plant (Lair:6)
1117 creatures vanquished.

Vanquished Creatures (others)
  A swamp dragon (Swamp:4)
  A hornet (Swamp:4)
  A shadow (Swamp:4)
  2 humans (Lair:6)
  A spriggan (Swamp:4)
  4 briar patches (Swamp:2)
  14 fungi
  41 plants (Lair:6)
65 creatures vanquished.

Grand Total: 1182 creatures vanquished

Notes
Turn   | Place    | Note
-------+----------+-------------------------------------------
     0 | D:1      | Borgoz the Minotaur Monk began the quest for the Orb.
     0 | D:1      | Reached XP level 1. HP: 19/19 MP: 0/0
   270 | D:1      | Reached XP level 2. HP: 23/27 MP: 1/1
   388 | D:1      | Reached skill level 1 in Armour
   549 | D:1      | Reached skill level 4 in Fighting
   782 | D:2      | Found a sacrificial altar of Ru.
   786 | D:2      | Reached XP level 3. HP: 24/33 MP: 2/2
  1186 | D:2      | Noticed Jessica
  1193 | D:2      | Killed Jessica
  1193 | D:2      | Reached XP level 4. HP: 41/41 MP: 3/3
  1554 | D:2      | Found a runed translucent door.
  1555 | D:2      | Noticed Crazy Yiuf
  1721 | D:2      | Killed Crazy Yiuf
  2115 | D:3      | Reached skill level 1 in Shields
  2149 | D:3      | Reached XP level 5. HP: 47/47 MP: 4/4
  2563 | D:4      | Noticed an ogre
  2571 | D:4      | Killed an ogre
  2784 | D:4      | Reached skill level 5 in Fighting
  2856 | D:4      | Reached XP level 6. HP: 49/56 MP: 5/5
  2860 | D:4      | Reached skill level 5 in Long Blades
  3307 | D:4      | Found a staircase to the Ecumenical Temple.
  3401 | Temple   | Entered the Ecumenical Temple
  3476 | Temple   | Became a worshipper of Dithmenos the Shadowed
  3476 | Temple   | Reached * piety under Dithmenos
  3476 | Temple   | Reached ** piety under Dithmenos
  3547 | D:5      | Entered Level 5 of the Dungeon
  3551 | D:5      | Noticed a sky beast
  3566 | D:5      | Noticed a human
  3582 | D:5      | Killed a sky beast
  3591 | D:5      | Reached skill level 5 in Dodging
  3591 | D:5      | Reached XP level 7. HP: 59/61 MP: 6/6
  3610 | D:5      | Found a runed translucent door.
  3613 | D:5      | Found a basalt altar of Yredelemnul.
  3628 | D:5      | Killed a human
  3680 | D:5      | Reached skill level 6 in Fighting
  4118 | D:5      | Found a sacrificial altar of Ru.
  4168 | D:5      | Got a pair of twisted boots
  4174 | D:5      | Identified the cursed +0 pair of boots "Coodghusk" {Str+6}
                  | (You found it on level 5 of the Dungeon)
  4323 | D:6      | Found the +7 pair of quick blades "Gyre" and "Gimble"
                  | {protect}
  4422 | D:6      | Reached skill level 1 in Short Blades
  4424 | D:6      | Reached XP level 8. HP: 70/70 MP: 7/7
  4433 | D:6      | Reached skill level 5 in Armour
  4982 | D:6      | Reached skill level 7 in Fighting
  5270 | D:7      | Reached *** piety under Dithmenos
  5277 | D:7      | Reached skill level 5 in Short Blades
  5277 | D:7      | Reached XP level 9. HP: 79/79 MP: 8/8
  6024 | D:7      | Reached skill level 8 in Fighting
  6387 | D:8      | Reached **** piety under Dithmenos
  6387 | D:8      | Reached XP level 10. HP: 90/90 MP: 9/9
  6465 | D:8      | Found a hide-covered altar of Uskayaw.
  6843 | D:8      | Found a blossoming altar of Fedhas.
  6983 | D:8      | Noticed a two-headed ogre
  6990 | D:8      | Killed a two-headed ogre
  6990 | D:8      | Reached skill level 9 in Fighting
  7011 | D:9      | Found a large runed translucent door.
  7011 | D:9      | Found a large runed translucent door.
  7011 | D:9      | Noticed a centaur warrior
  7051 | D:9      | Found a large runed translucent door.
  7051 | D:9      | Found a large runed translucent door.
  7062 | D:9      | Noticed a centaur warrior
  7072 | D:9      | Killed a centaur warrior
  7114 | D:9      | Killed a centaur warrior
  7206 | D:9      | Found Asyleeth's Antique Armour Shop.
  7207 | D:9      | Found a staircase to the Orcish Mines.
  7258 | D:9      | Found a staircase to the Lair.
  7292 | D:9      | Got a transparent leather armour
  7304 | D:9      | Identified the cursed +1 leather armour of Reod Ergherph
                  | {-Tele Str+2 Dex+3} (You found it on level 9 of the
                  | Dungeon)
  7417 | D:9      | Reached ***** piety under Dithmenos
  7726 | D:9      | Reached XP level 11. HP: 97/99 MP: 8/10
  7820 | D:10     | Entered Level 10 of the Dungeon
  7852 | D:10     | Reached skill level 10 in Fighting
  7852 | D:10     | Reached skill level 10 in Short Blades
  7852 | D:10     | Reached skill level 1 in Invocations
  7978 | D:10     | Reached skill level 1 in Evocations
  8246 | D:10     | Found an opulent altar of Gozag.
  8402 | D:10     | Killed an unseen horror
  8490 | D:10     | Noticed a two-headed ogre
  8500 | D:10     | Killed a two-headed ogre
  8554 | D:10     | Reached skill level 10 in Armour
  8765 | D:10     | Found Gozag's Platinum Reserve.
  8863 | D:11     | Noticed a two-headed ogre
  8873 | D:11     | Killed a two-headed ogre
  8929 | D:11     | Reached skill level 10 in Dodging
  8968 | D:11     | Reached skill level 11 in Fighting
  8977 | D:11     | Reached ****** piety under Dithmenos
  9041 | D:11     | Noticed a brown ugly thing
  9050 | D:11     | Killed a brown ugly thing
  9050 | D:11     | Reached XP level 12. HP: 93/110 MP: 11/13
  9141 | D:11     | Noticed a death knight
  9151 | D:11     | Killed a death knight
  9501 | D:11     | Noticed Snorg
  9514 | D:11     | Killed Snorg
  9841 | D:12     | Noticed a six-headed hydra
  9841 | D:12     | Noticed an ogre mage
  9842 | D:12     | Noticed a centaur warrior
  9861 | D:12     | Killed a six-headed hydra
  9871 | D:12     | Killed a centaur warrior
  9875 | D:12     | Killed an ogre mage
 10315 | D:12     | You fall into a shaft and drop 3 floors!
 10315 | D:15     | Entered Level 15 of the Dungeon
 10334 | D:15     | Reached skill level 12 in Fighting
 10350 | D:15     | Reached XP level 13. HP: 32/118 MP: 5/15
 10576 | D:14     | Noticed Josephine
 10589 | D:14     | Killed Josephine
 11312 | D:13     | Reached skill level 5 in Invocations
 11315 | D:13     | Reached skill level 5 in Stealth
 11392 | D:13     | Found a gate to the Vaults.
 11556 | D:13     | Reached skill level 13 in Fighting
 12740 | D:15     | Reached skill level 5 in Evocations
 12740 | D:15     | Reached XP level 14. HP: 95/129 MP: 11/16
 12795 | D:15     | Found a staircase to the Depths.
 12876 | D:15     | Paralysed by an orc sorcerer for 5 turns
 13024 | D:15     | Noticed a stone giant
 13032 | D:15     | Killed a stone giant
 13444 | D:15     | Noticed a storm dragon
 13451 | D:15     | Killed a storm dragon
 13479 | D:15     | Got a pitted great mace
 13482 | D:15     | Identified the +2 great mace "Giusinol" {protect, MR+ Dex+6
                  | Stlth+} (You found it on level 15 of the Dungeon)
 13980 | Lair:1   | Entered Level 1 of the Lair of Beasts
 14050 | Lair:1   | Reached skill level 14 in Fighting
 14319 | Lair:1   | Found the +7 great mace "Undeadhunter" {disrupt, rN+}
 14902 | Lair:2   | You fall into a shaft and drop 1 floor!
 14909 | Lair:3   | Found a staircase to the Snake Pit.
 15723 | Lair:2   | You fall into a shaft and drop 2 floors!
 16044 | Lair:4   | Reached XP level 15. HP: 128/139 MP: 15/17
 16270 | Lair:3   | Noticed Rupert
 16272 | Lair:3   | Found a runed translucent door.
 16272 | Lair:3   | Found a shimmering altar of Xom.
 16272 | Lair:3   | Noticed twoshot's ghost (journeyman GnWz)
 16272 | Lair:3   | Identified the +11 rapier "Impslayer" {chaos, SInv}
 16283 | Lair:3   | Killed Rupert
 16315 | Lair:3   | Killed twoshot's ghost
 16330 | Lair:3   | Learned a level 1 spell: Confusing Touch
 17197 | Lair:4   | Found a staircase to the Swamp.
 17853 | Lair:5   | Found a staircase to the Slime Pits.
 18282 | Lair:6   | Entered Level 6 of the Lair of Beasts
 18319 | Lair:6   | Reached skill level 1 in Hexes
 18324 | Lair:6   | Reached skill level 15 in Fighting
 18335 | Lair:6   | Reached skill level 1 in Spellcasting
 18765 | Lair:6   | Reached skill level 15 in Armour
 18916 | Lair:6   | Got a smoking dagger
 18925 | Lair:6   | Identified the +9 dagger of Akhunas {venom, rElec rPois}
                  | (You found it on level 6 of the Lair of Beasts)
 19167 | Lair:6   | Noticed Kirke
 19222 | Lair:6   | Killed Kirke
 19788 | Lair:6   | Identified the Handbook of Good Luck and the Entourage
 20129 | Orc:1    | Entered Level 1 of the Orcish Mines
 20155 | Orc:1    | Found a roughly hewn altar of Beogh.
 20164 | Orc:1    | Reached XP level 16. HP: 141/149 MP: 18/18
 20545 | Orc:2    | Entered Level 2 of the Orcish Mines
 20545 | Orc:2    | Found Synk's Distillery.
 20784 | Orc:2    | Bought a potion of experience for 600 gold pieces
 20784 | Orc:2    | Bought a potion of heal wounds for 60 gold pieces
 20784 | Orc:2    | Reached skill level 15 in Short Blades
 20784 | Orc:2    | Reached XP level 17. HP: 158/158 MP: 19/19
 21029 | Orc:2    | Found a staircase to the Elven Halls.
 21207 | Orc:2    | Found Coxza's General Store.
 21398 | Orc:1    | Found Iceg's Assorted Antiques.
 21422 | Orc:1    | Bought a scroll of identify for 52 gold pieces
 21454 | Orc:1    | Found a roughly hewn altar of Beogh.
 21535 | Orc:1    | Found a runed translucent gate.
 21536 | Orc:1    | Found a runed translucent gate.
 21537 | Orc:1    | Found a runed translucent gate.
 21537 | Orc:1    | Identified the +2 plate armour of Biarph {Int+4 Dex+3}
 21537 | Orc:1    | Identified the +5 shield of a wizard's laboratory {+Blink
                  | rElec rF- Str+4}
 21538 | Orc:1    | Noticed MisterFreud's ghost (journeyman FeWn)
 21600 | Orc:1    | Found a roughly hewn altar of Beogh.
 21651 | Orc:1    | Reached skill level 16 in Fighting
 21722 | Orc:1    | Killed MisterFreud's ghost
 21956 | Orc:2    | Reached skill level 15 in Dodging
 22054 | Orc:2    | Found Qorynegg's General Store.
 22076 | Orc:2    | Found Lauprar's Magic Scroll Shop.
 22086 | Orc:2    | Found Pekhlukuuck's Food Shop.
 22118 | Orc:2    | Bought a scroll of remove curse for 39 gold pieces
 22118 | Orc:2    | Bought a scroll of remove curse for 39 gold pieces
 22129 | Orc:2    | Bought a potion of ambrosia for 104 gold pieces
 22386 | Swamp:1  | Entered Level 1 of the Swamp
 22587 | Swamp:1  | Noticed Jorgrun
 22598 | Swamp:1  | Killed Jorgrun
 23128 | Swamp:2  | Found a runed translucent door.
 23129 | Swamp:2  | Noticed Vogy's ghost (journeyman DDFi)
 23206 | Swamp:2  | HP: 5/159 [alligator (17)]
 23908 | Swamp:2  | Killed Vogy's ghost
 23999 | Swamp:4  | Entered Level 4 of the Swamp
 24957 | Swamp:4  | Reached XP level 18. HP: 104/168 MP: 16/22
 25111 | Swamp:4  | Reached skill level 17 in Fighting
 25177 | Swamp:4  | Got a decaying rune of Zot
 25363 | Swamp:4  | Noticed Bai Suzhen
 25387 | Swamp:4  | Noticed Nikola
 25390 | Swamp:4  | Killed Bai Suzhen
 25650 | Swamp:4  | Killed Nikola
 25679 | Swamp:4  | Noticed Mara
 25700 | Swamp:4  | Noticed Borgoz's illusion
 25728 | Swamp:4  | Noticed Borgoz's illusion
 25729 | Swamp:4  | Killed Mara
 26401 | Snake:1  | Entered Level 1 of the Snake Pit
 26624 | Snake:1  | Noticed Azrael
 26661 | Snake:1  | Killed Azrael
 27085 | Snake:2  | Found a transporter.
 27247 | Snake:2  | Found Dine's Mass Market.
 27321 | Snake:2  | Found a transporter.
 27348 | Snake:2  | Found a large runed translucent door.
 27348 | Snake:2  | Found a large runed translucent door.
 27349 | Snake:2  | Noticed vishdafish's ghost (adept NaBe)
 27483 | Snake:2  | Killed vishdafish's ghost
 28211 | Snake:3  | Identified 2 scrolls of acquirement
 28316 | Snake:3  | Reached XP level 19. HP: 148/178 MP: 20/25
 28785 | Snake:3  | Found a burning altar of Makhleb.
 28924 | Snake:3  | Got a clouded lead ring
 28926 | Snake:3  | Identified the ring "Eparruot" {*Slow +Fly rElec rF+} (You
                  | acquired it on level 3 of the Snake Pit)
 29169 | Snake:3  | Reached skill level 5 in Spellcasting
 29241 | Snake:3  | Found a large runed translucent door.
 29241 | Snake:3  | Found a large runed translucent door.
 29243 | Snake:3  | Noticed Voilify's ghost (adept MiBe)
 29275 | Snake:3  | Killed Voilify's ghost
 29275 | Snake:3  | Reached skill level 5 in Hexes
 29674 | Snake:4  | Entered Level 4 of the Snake Pit
 29910 | Snake:4  | Reached skill level 18 in Fighting
 29928 | Snake:4  | Killed from afar by a shock serpent

Levels and vault maps discovered:
D:1:      dpeg_arrival_shelter, layout_basic, chequers_serial_rivers_marsh
D:2:      layout_loops_ring, nicolae_ru_great_annihilating_truth,
          uniq_crazy_yiuf_cottage, uniq_jessica
D:3:      layout_loops_ring, first_ration
D:4:      layout_loops_corners, minmay_temple_entry_butterflies
D:5:      layout_rooms, lemuel_coloured_pillars_altar, dk_yredelemnul_ordeal
D:6:      layout_cave_pods
D:7:      layout_layer_cave, grunt_livestock, minmay_circle_x
D:8:      layout_basic, nicolae_overflow_hidden_temple, serial_co_window_serial,
          co_window_paths_b, co_window_paths_b, co_window_of_opportunity_a,
          co_window_corner_a, co_window_corner_a, co_window_2corner,
          co_window_2corner, co_window_2corner, glass_columns_a,
          kennysheep_generic_room_4
D:9:      layout_rooms, lair_entry_dummy, orc_0_dummy, serial_shops,
          nicolae_shop_window_shopping, minmay_hollow_rounded_squares
D:10:     layout_gridville, nicolae_gozag_zags_fifth_avenue
D:11:     layout_basic, uniq_snorg
D:12:     layout_stronghold, st_stairs_10, minmay_misc_feat_cross, minivault_28
D:13:     layout_basic, david_vaults_1
D:14:     layout_basic, minmay_misc_feat_doors, st_stairs_11, uniq_josephine
D:15:     gammafunk_enter_depths_forms, layout_irregular_city,
          minmay_misc_feat_room, hex_tiny, minmay_diamond_spiral
Temple:   regret_index_temple_mists
Lair:1:   layout_long_grid, grunt_megastairs_4
Lair:2:   layout_layer_cave
Lair:3:   layout_misc_corridors, guppyfry_snake_entry_garden, ebering_ghost_xom,
          uniq_rupert
Lair:4:   layout_gridlike, palyth_hydra_swamp_entry
Lair:5:   layout_cave_pods, slime_dummy, serial_bayou_shore_b
Lair:6:   minmay_lair_end_frog_pond, layout_concentric_octagons,
          chequers_serial_rivers_micro_a, minmay_lair_oklob_chamber,
          lemuel_fruit_fields, lemuel_fruit_fields, uniq_kirke
Swamp:1:  layout_basic_swamp, infiniplex_staircase_pool, swamp_pool4,
          uniq_jorgrun
Swamp:2:  layout_falls_marsh, ebering_ghost_reflecting_pool,
          evilmike_swamp_ruin_rubble_2
Swamp:3:  layout_basic_swamp, evilmike_swamp_ruin_house_2
Swamp:4:  swamp_basic_johnstein, layout_basic_swamp, swamp_pool4, uniq_mara,
          uniq_nikola, uniq_bai_suzhen
Snake:1:  layout_basic, uniq_azrael
Snake:2:  gammafunk_its_a_trap, layout_gridlike, ebering_ghost_disaster_area,
          minmay_shop_mass, serial_bayou_shore_a
Snake:3:  layout_chambers, basic_altar, ebering_ghost_disaster_area
Snake:4:  johnstein_snake_rune_scales, layout_chambers, grunt_ministairs_12,
          grunt_megastairs_3
Orc:1:    layout_caves, serial_shops, nicolae_shop_crystal,
          biasface_ghost_orc_armoury, basic_altar, bh_open_orc_temple
Orc:2:    st_orc_elflike, layout_diamond_mine, serial_shops, shop

Skill      XL: |  1  2  3  4  5  6  7  8  9 10 11 12 13 14 15 16 17 18 19 |
---------------+----------------------------------------------------------+-----
Armour         | 1 2 3 4 6 7 9 10 11 12 14 15 16 17 | 17.7
Fighting       | 4 5 6 7 8 9 11 12 13 14 15 16 17 18 | 18.0
Long Blades    | 4 5 6 |  6.0
Dodging        | 4 5 6 7 9 10 11 12 13 14 15 16 | 16.7
Shields        | 1 2 3 4 |  4.0
Short Blades   | 1 5 7 9 10 11 12 13 14 15 16 17 | 17.6
Stealth        | 3 4 5 |  5.0
Invocations    | 2 4 5 |  5.0
Evocations     | 2 3 5 |  5.0
Hexes          | 2 3 4 5 |  5.0
Spellcasting   | 2 3 4 5 |  5.0

Action                   |  1- 3 |  4- 6 |  7- 9 | 10-12 | 13-15 | 16-18 | 19-21 || total
-------------------------+-------+-------+-------+-------+-------+-------+-------++-------
Melee: Falchion          |    43 |   124 |    58 |       |       |       |       ||   225
       Headbutt          |     4 |    30 |    44 |   126 |   313 |   410 |    76 ||  1003
       Pair of quick bla |       |       |   155 |   391 |  1142 |  1288 |   239 ||  3215
       Unarmed           |       |       |       |       |    26 |       |       ||    26
 Cast: Confusing Touch   |       |       |       |       |       |     4 |     3 ||     7
Evoke: Wand              |       |       |       |     1 |    16 |     5 |       ||    22
  Use: Potion            |       |     1 |       |     1 |     2 |     3 |     1 ||     8
       Scroll            |       |       |     6 |     8 |    10 |    14 |     2 ||    40
 Stab: Sleeping          |     4 |     6 |     1 |    18 |    39 |    14 |     4 ||    86
       Paralysed         |     1 |       |       |       |       |       |       ||     1
       Distracted        |       |       |       |     2 |     3 |     3 |       ||     8
       Confused          |       |       |       |       |       |     9 |     6 ||    15
  Eat: Chunk             |       |    18 |     9 |     7 |    26 |    18 |     2 ||    80
       Ration            |       |       |       |       |     1 |     2 |     1 ||     4
Armor: Robe              |     5 |    15 |       |       |       |       |       ||    20
       Ring mail         |       |    31 |    39 |    12 |       |       |       ||    82
       Leather armour    |       |       |       |    21 |       |       |       ||    21
       Troll leather arm |       |       |       |     3 |   132 |   168 |    25 ||   328
       Skin              |       |       |       |       |     9 |       |       ||     9
Dodge: Dodged            |    30 |    74 |   106 |   179 |   578 |   820 |   197 ||  1984
Block: Buckler           |       |    38 |    10 |       |       |       |       ||    48
       Rpst.: Falchion   |     9 |    16 |    12 |       |       |       |       ||    37

Table legend:
 A = Non-vault XP
 B = Vault XP
 C = Vault XP percentage of total XP
 D = Non-vault monster count
 E = Vault monster count
 F = Vault count percentage of total count
                 A         B        C        D         E       F
            +---------+---------+-------+---------+---------+-------
      Total |  220638 |  126500 |  36.4 |     855 |     255 |  23.0
            +---------+---------+-------+---------+---------+-------
        D:1 |      29 |       0 |   0.0 |      14 |       0 |   0.0
        D:2 |      12 |     104 |  89.7 |       4 |       6 |  60.0
        D:3 |      90 |       0 |   0.0 |      17 |       0 |   0.0
        D:4 |     291 |       0 |   0.0 |      13 |       0 |   0.0
        D:5 |     588 |     194 |  24.8 |      18 |       3 |  14.3
        D:6 |    1050 |       0 |   0.0 |      18 |       0 |   0.0
        D:7 |    1295 |    1449 |  52.8 |      38 |      13 |  25.5
        D:8 |    2208 |     121 |   5.2 |      24 |       1 |   4.0
        D:9 |    1074 |    2990 |  73.6 |      18 |      14 |  43.8
       D:10 |    6455 |       0 |   0.0 |      48 |       0 |   0.0
       D:11 |    7882 |    1128 |  12.5 |      48 |       1 |   2.0
       D:12 |    2486 |    7548 |  75.2 |      20 |      14 |  41.2
       D:13 |    6799 |    2933 |  30.1 |      35 |       4 |  10.3
       D:14 |    9134 |    2976 |  24.6 |      44 |       7 |  13.7
       D:15 |   17937 |    9783 |  35.3 |      47 |      17 |  26.6
     Lair:1 |    4452 |    1508 |  25.3 |      16 |       3 |  15.8
     Lair:2 |    2808 |       0 |   0.0 |      16 |       0 |   0.0
     Lair:3 |    4564 |    5301 |  53.7 |      16 |       7 |  30.4
     Lair:4 |    7418 |    2667 |  26.4 |      27 |       6 |  18.2
     Lair:5 |    6293 |       0 |   0.0 |      27 |       0 |   0.0
     Lair:6 |   10911 |   20468 |  65.2 |      41 |      66 |  61.7
    Swamp:1 |   13399 |    3113 |  18.9 |      31 |       1 |   3.1
    Swamp:2 |   14296 |    1427 |   9.1 |      29 |       1 |   3.3
    Swamp:3 |   12751 |       0 |   0.0 |      27 |       0 |   0.0
    Swamp:4 |   11596 |   37655 |  76.5 |      29 |      30 |  50.8
    Snake:1 |   10845 |    2491 |  18.7 |      21 |       8 |  27.6
    Snake:2 |   15093 |    2271 |  13.1 |      33 |       1 |   2.9
    Snake:3 |   30898 |    2534 |   7.6 |      55 |       1 |   1.8
    Snake:4 |    8881 |    3382 |  27.6 |      14 |       6 |  30.0
      Orc:1 |    3327 |    6100 |  64.7 |      22 |      20 |  47.6
      Orc:2 |    5776 |    8357 |  59.1 |      45 |      25 |  35.7
            +---------+---------+-------+---------+---------+-------
